 Dungeon Crawl Stone Soup version 0.28-a0-1190-g77e1c55843 (webtiles) character file.

Game seed: 7386017946948263593

3434 mandarbmax the Jinx (level 9, 0/39 HPs)
             Began as a Felid Conjurer on Dec 18, 2021.
             Was an Elder of Jiyva.
             Shot with a bolt by a yaktaur captain (39 damage)
             ... on level 10 of the Dungeon.
             The game lasted 00:54:37 (14404 turns).

mandarbmax the Jinx (Felid Conjurer)               Turns: 14404, Time: 00:54:38

Health: 0/39       AC:  2    Str:  5    XL:     9   Next: 77%
Magic:  17/24      EV: 27    Int: 24    God:    Jiyva [****..]
Gold:   368        SH:  0    Dex: 15    Spells: 10/24 levels left
                                        Lives:  0   Deaths: 3

rFire   . . .      SeeInvis +   (weapon unavailable)
rCold   . . .      Faith    .   (shield unavailable)
rNeg    . . .      Spirit   .   (armour unavailable)
rPois   .          Reflect  .   (helmet unavailable)
rElec   .          Harm     .   (cloak unavailable)
rCorr   +          Rampage  .   (gloves unavailable)
Will    +....                   (boots unavailable)
Stlth   ++........              (no amulet)
HPRegen 1.41/turn               f - +4 ring of evasion
MPRegen 0.59/turn               (no ring)

@: very slightly contaminated, quick
A: very small, claws 1, fangs 3, see invisible, speed 1, shaggy fur 2, stealthy
paws, no weapons or thrown items, no armour, multi-lived, deterioration 1, high
mp 1, strong 1
a: Renounce Religion, Oozemancy, Slimify


You were on level 10 of the Dungeon.
You worshipped Jiyva.
Jiyva was greatly pleased with you.
You visited 2 branches of the dungeon, and saw 12 of its levels.

You collected 368 gold pieces.

Inventory:

Jewellery
 f - a +4 ring of evasion (left paw)
Wands
 b - a wand of flame (10)
 n - a wand of charming (10)
 s - a wand of polymorph (7)
 t - a wand of acid (8)
Scrolls
 e - 5 scrolls of teleportation
 g - 2 scrolls of enchant weapon {unknown}
 i - a scroll of fog {unknown}
 k - a scroll of holy word {unknown}
 u - 2 scrolls of blinking
 v - a scroll of amnesia {unknown}
 w - a scroll of summoning {unknown}
Potions
 a - 2 potions of flight
 c - a potion of invisibility
 d - a potion of might
 h - a potion of haste
 j - a potion of mutation
 l - 3 potions of resistance
 m - 2 potions of brilliance
 o - a potion of lignification {unknown}
 q - 3 potions of curing
 r - a potion of heal wounds {unknown}
Miscellaneous
 p - a phantom mirror


   Skills:
 - Level 4.0 Fighting
 + Level 10.7 Dodging
 - Level 3.0 Stealth
 - Level 8.0 Spellcasting
 - Level 7.0 Conjurations
 - Level 12.0 Hexes
 + Level 3.5 Translocations
 - Level 4.0 Invocations
 - Level 4.0 Evocations


You had 10 spell levels left.
You knew the following spells:

 Your Spells              Type           Power      Damage    Failure   Level
a - Magic Dart            Conj           100%       1d8       1%          1
b - Searing Ray           Conj           86%        2d7       1%          2
c - Fulminant Prism       Conj/Hex       26%        3d14      1%          4
d - Dazzling Flash        Conj/Hex       100%       N/A       1%          3
e - Iskenderun's Mystic   Conj/Tloc      34%        2d8       8%          4

Your spell library contained the following spells:

 Spells                   Type           Power      Damage    Failure   Level
 Slow                     Hex            100%       N/A       1%          1
 Ensorcelled Hibernation  Hex/Ice        76%        N/A       1%          2
 Confusing Touch          Hex            61%        N/A       1%          3
 Passwall                 Tmut/Erth      7%         N/A       10%         2
 Metabolic Englaciation   Hex/Ice        19%        N/A       16%         5
 Summon Mana Viper        Hex/Summ       38%        N/A       16%         5
 Swiftness                Air            9%         N/A       19%         3
 Vampiric Draining        Necr           9%         2d6       19%         3
 Summon Ice Beast         Ice/Summ       9%         N/A       54%         4
 Haunt                    Necr/Summ      4%         N/A       100%        7
 Monstrous Menagerie      Summ           4%         N/A       100%        7


Dungeon Overview and Level Annotations

Branches:
Dungeon (11/15)            Temple (1/1) D:5            Lair (0/6) D:8
    Orc (0/2) D:9

Altars:
Ashenzari
Cheibriados
Dithmenos
Elyvilon
Fedhas
Gozag
Hepliaklqana
Kikubaaqudgha
Makhleb
Nemelex Xobeh
Okawaru
Qazlal
Ru
Sif Muna
Trog
Uskayaw
Vehumet
Wu Jian
Xom
Yredelemnul
Zin
The Shining One
Jiyva

Shops:
D:2 :   D:6 (*


Innate Abilities, Weirdness & Mutations

You have sharp claws.
You have razor-sharp teeth.
You have supernaturally acute eyesight. (SInv)
You cover ground quickly. (Speed+)
You are covered in thick fur. (AC +2)
Your paws help you pounce on unaware monsters.
You are incapable of wielding weapons or throwing items.
You cannot wear armour.
You gain extra lives every three experience levels.
Your body sometimes deteriorates upon taking damage.
You have an increased reservoir of magic. (+10% MP)
Your muscles are strong. (Str +2)


Message History

Found 11 stones.
You see here 11 stones.
There is an open door here.
Found a phantom mirror.
There is an open door here.
Found a scale mail.
Found a long sword.
You pick up a book of Beasts and begin reading...
You add the spells Summon Ice Beast, Summon Mana Viper and Monstrous Menagerie to your library.
You see here a +0 scale mail.
You pick up Sif Muna's Almanac of Unholy Rituals and the Oath and begin reading...
You add the spells Ensorcelled Hibernation, Metabolic Englaciation and Haunt to your library.
You see here a +0 long sword.
You see here a phantom mirror.
p - a phantom mirror The yaktaur captain shouts!
The yaktaur captain shoots a bolt.
The bolt closely misses you.
Casting: Magic Dart (safe; 1% risk of failure)
Confirm with . or Enter, or press ? or * to list all spells.
Aiming: Fulminant Prism (dangerous; 1% risk of failure)
Press: ? - help, Dir - move target You conjure a prism of explosive energy!
A fulminant prism comes into view.
Casting: Fulminant Prism (dangerous; 1% risk of failure)
Confirm with . or Enter, or press ? or * to list all spells.
Aiming: Fulminant Prism (dangerous; 1% risk of failure)
Press: ? - help, Dir - move target, f - yaktaur captain
Aim: a yaktaur captain, wielding a +0 arbalest and quivering bolts (ally target)
Okay, then.
Casting: Fulminant Prism (dangerous; 1% risk of failure)
Confirm with . or Enter, or press ? or * to list all spells.
Aiming: Fulminant Prism (dangerous; 1% risk of failure)
Press: ? - help, Dir - move target You miscast Fulminant Prism.
You are very lightly contaminated with residual magic.
Nothing appears to happen.
You hear a loud crackle.
The yaktaur captain shoots a bolt.
The bolt hits you!!!
Ouch! That really hurt!
You die...

#..## #.##..##..# ..# #.......
#.## ##..##..### #.# #..#.... #.#
#..##..# #.# #....... #.#
####.### #####.#####...... ..####
##.#.## #.........#...... ###..#
##.###.###.#.#*#.#.#......
#....###.##.##.##.........#......
....###.##.).##.#.#.#c#.#c#......
....#.'.#..#[.#.@................
...##.#.##...##.#.#.#.#.#.#*..##<
..##..##.##.##.##.........#.....†
###...###.#.#.###.#.#.#.#.#......
.....## ##.#.## #.........#......
#.#########'### #####.#####......
#.# #.......## #.# #....... #.##
#.#......## ##.# #....#.# #..##
#.###.....# ##..# #.....##


You could see a yaktaur captain.

Vanquished Creatures
  2 two-headed ogres
  An orc sorcerer (D:10)
  4 trolls
  2 hornets
  Sigmund (D:3)
  A wraith (D:10)
  A wyvern (D:8)
  A vampire (D:10)
  A shadow (D:10)
  Eustachio (D:4)
  2 steam dragons
  3 vampire mosquitoes
  Menkaure (D:4)
  Duvessa (D:4)
  An acid dragon (D:9)
  A water moccasin (D:6)
  4 orc warriors
  An ice beast (D:6)
  A black bear (D:6)
  2 sky beasts (D:6)
  2 ogres
  5 centaurs
  A phantom (D:5)
  5 bullfrogs
  2 wyvern zombies
  A gnoll sergeant (D:8)
  A scorpion (D:5)
  Dowan (D:4)
  3 killer bees (D:6)
  13 wights
  A crimson imp (D:9)
  3 centaur zombies
  4 hounds
  A centaur skeleton (D:6)
  6 orc priests
  A jelly (D:4)
  Ijyb (D:3)
  Jessica (D:3)
  3 iguanas
  Terence (D:3)
  Natasha (thrice) (D:4)
  6 orc wizards
  A killer bee zombie (D:6)
  2 hound skeletons
  12 gnolls
  4 adders
  A howler monkey skeleton (D:6)
  2 shadow imps
  2 white imps
  3 ufetubi
  15 orcs
  2 bats (D:2)
  8 endoplasms
  2 giant cockroaches
  6 hobgoblins
  3 jackals (D:1)
  6 kobolds
  3 quokkas
  8 ball pythons
  4 goblins
  A quokka skeleton (D:4)
  A rat (D:1)
  A spectral kobold (D:3)
  A fulminant prism (D:8)
185 creatures vanquished.

Vanquished Creatures (others)
  An unseen horror (D:10)
  A yak (D:10)
  A steam dragon (D:10)
  An orc warrior (D:9)
  2 wights
  A howler monkey (D:10)
  22 jellies
  An orc priest (D:8)
  A gnoll shaman (D:7)
  2 orc wizards
  A howler monkey zombie (D:10)
  3 gnolls (D:7)
  A white imp (D:8)
  5 orcs
  155 fulminant prisms
  15 plants (D:4)
213 creatures vanquished.

Grand Total: 398 creatures vanquished

Notes
Turn   | Place    | Note
-------+----------+-------------------------------------------
     0 | D:1      | mandarbmax the Felid Conjurer began the quest for the Orb.
     0 | D:1      | Reached XP level 1. HP: 7/7 MP: 4/4
   230 | D:1      | Reached XP level 2. HP: 11/11 MP: 3/6
  1051 | D:2      | Learned a level 2 spell: Searing Ray
  1125 | D:2      | Reached XP level 3. HP: 14/14 MP: 1/7
  1431 | D:2      | Reached skill level 5 in Conjurations
  1431 | D:2      | Reached XP level 4. HP: 18/18 MP: 3/8
  1640 | D:2      | Learned a level 4 spell: Fulminant Prism
  1704 | D:2      | Found Jept's Book Boutique.
  2352 | D:3      | Noticed Terence
  2386 | D:3      | Killed Terence
  2387 | D:3      | Reached skill level 2 in Hexes
  2609 | D:3      | Found a burning altar of Makhleb.
  2851 | D:3      | Noticed Sigmund
  3120 | D:3      | Found a faded altar of an unknown god.
  3190 | D:3      | Noticed Ijyb
  3436 | D:3      | Killed Sigmund
  3437 | D:3      | Reached skill level 5 in Hexes
  3437 | D:3      | Reached XP level 5. HP: 21/21 MP: 0/9
  3437 | D:3      | Gained mutation: You are covered in thick fur. (AC +2)
                  | [Felid growth]
  3437 | D:3      | Reached XP level 6. HP: 24/24 MP: 0/10
  3565 | D:3      | Noticed Jessica
  3568 | D:3      | Killed Jessica
  3569 | D:3      | Reached skill level 6 in Hexes
  4047 | D:3      | Killed Ijyb
  4280 | D:4      | Found a bloodstained altar of Trog.
  4365 | D:4      | Noticed Menkaure
  4434 | D:4      | Killed Menkaure
  4435 | D:4      | Reached skill level 7 in Hexes
  4696 | D:4      | Noticed Natasha
  4700 | D:4      | Killed Natasha
  4701 | D:4      | Reached XP level 7. HP: 27/27 MP: 5/13
  4725 | D:4      | Noticed Natasha
  4789 | D:4      | Killed Natasha
  4998 | D:4      | Noticed Eustachio
  5012 | D:4      | Noticed Duvessa
  5017 | D:4      | Noticed Dowan
  5255 | D:4      | Found a broken altar of Ashenzari.
  5256 | D:4      | Found a white marble altar of Elyvilon.
  5264 | D:4      | Became a worshipper of Elyvilon the Healer
  5315 | D:4      | Killed Duvessa
  5316 | D:4      | Reached skill level 5 in Dodging
  5320 | D:4      | Learned a level 3 spell: Dazzling Flash
  5394 | D:4      | Killed Dowan
  5523 | D:4      | Noticed Natasha
  5527 | D:4      | Killed Natasha
  6399 | D:4      | Killed Eustachio
  6573 | D:5      | Entered Level 5 of the Dungeon
  6580 | D:5      | Reached skill level 5 in Spellcasting
  6591 | D:5      | Reached skill level 1 in Fighting
  6591 | D:5      | Reached skill level 1 in Invocations
  6591 | D:5      | Reached skill level 1 in Evocations
  6591 | D:5      | Reached XP level 8. HP: 32/32 MP: 3/16
  6943 | D:5      | Reached * piety under Elyvilon
  7701 | D:5      | Noticed a hornet
  7906 | D:5      | Killed a hornet
  8024 | D:5      | Found a staircase to the Ecumenical Temple.
  8037 | Temple   | Entered the Ecumenical Temple
  8124 | Temple   | Fell from the grace of Elyvilon
  8124 | Temple   | Became a worshipper of Jiyva Jenixicu the Shapeless
  8787 | D:6      | Reached skill level 8 in Hexes
  8787 | D:6      | Reached XP level 9. HP: 10/36 MP: 4/17
  8927 | D:6      | Killed by an exploding fulminant prism
  8928 | D:6      | Reached XP level 8. HP: -3/33 MP: 10/16
  8928 | D:6      | Found an opulent altar of Gozag.
  8935 | D:6      | Found Gozag's Platinum Reserve.
  9186 | D:6      | Found a glowing golden altar of the Shining One.
  9223 | D:6      | Reached * piety under Jiyva
  9244 | D:6      | Reached skill level 9 in Hexes
  9337 | D:6      | Found Bor Wip's Antique Weapon Shop.
  9483 | D:6      | HP: 1/33 [centaur/arrow (8)]
  9583 | D:6      | Noticed a troll
 10076 | D:6      | Killed a troll
 10077 | D:6      | Reached XP level 9. HP: 39/39 MP: 1/19
 10126 | D:6      | Reached ** piety under Jiyva
 10759 | D:7      | Reached skill level 10 in Hexes
 10824 | D:7      | Slain by a vampire mosquito
 10825 | D:7      | Reached XP level 8. HP: -3/36 MP: 13/18
 10916 | D:7      | Reached skill level 11 in Hexes
 11074 | D:7      | Found a radiant altar of Vehumet.
 11074 | D:7      | Found a shadowy altar of Dithmenos.
 11260 | D:7      | Found a shimmering altar of Xom.
 11464 | D:8      | Found a staircase to the Lair.
 11497 | D:8      | Reached *** piety under Jiyva
 11625 | D:8      | Reached skill level 12 in Hexes
 11657 | D:8      | Gained mutation: You have an increased reservoir of magic.
                  | (+10% MP) [Jiyva's grace]
 11657 | D:8      | Gained mutation: You have a considerably increased
                  | reservoir of magic. (+20% MP) [Jiyva's grace]
 11657 | D:8      | Gained mutation: You have a greatly increased reservoir of
                  | magic. (+30% MP) [Jiyva's grace]
 11657 | D:8      | Gained mutation: Your muscles are strong. (Str +2) [Jiyva's
                  | grace]
 11658 | D:8      | Reached XP level 9. HP: 21/39 MP: 4/24
 11982 | D:8      | Found an iron altar of Okawaru.
 12043 | D:8      | You fall into a shaft and drop 3 floors!
 12063 | D:11     | Noticed a troll
 12067 | D:10     | Entered Level 10 of the Dungeon
 12091 | D:9      | Found a staircase to the Orcish Mines.
 12093 | D:9      | Noticed a troll
 12098 | D:9      | Killed a troll
 12254 | D:8      | Reached **** piety under Jiyva
 12696 | D:9      | Noticed a two-headed ogre
 12741 | D:9      | Killed a two-headed ogre
 12741 | D:9      | Was placed under penance by Jiyva
 12742 | D:9      | Reached XP level 10. HP: 42/42 MP: 21/29
 12875 | D:9      | Was forgiven by Jiyva
 13107 | D:9      | Found a hazy altar of Hepliaklqana.
 13236 | D:9      | Found an ancient bone altar of Kikubaaqudgha.
 13240 | D:9      | Found a blossoming altar of Fedhas.
 13425 | D:10     | Noticed a two-headed ogre
 13435 | D:10     | Killed a two-headed ogre
 13573 | D:10     | Reached skill level 10 in Dodging
 13595 | D:10     | Learned a level 4 spell: Iskenderun's Mystic Blast
 13663 | D:10     | Reached skill level 1 in Translocations
 13683 | D:10     | Was placed under penance by Jiyva
 13910 | D:10     | Noticed an orc sorcerer
 13918 | D:10     | Killed an orc sorcerer
 13928 | D:10     | Noticed an orc warlord
 14007 | D:9      | Lost mutation: You have a greatly increased reservoir of
                  | magic. (+30% MP) [the all-consuming vengeance of Jiyva]
 14007 | D:9      | Gained mutation: Your body sometimes deteriorates upon
                  | taking damage. [the all-consuming vengeance of Jiyva]
 14007 | D:9      | Lost mutation: You have a considerably increased reservoir
                  | of magic. (+20% MP) [the all-consuming vengeance of Jiyva]
 14007 | D:9      | Was forgiven by Jiyva
 14037 | D:10     | Noticed a yaktaur captain
 14048 | D:10     | Shot with a bolt by a yaktaur captain
 14049 | D:10     | Reached XP level 9. HP: -8/39 MP: 14/24
 14388 | D:10     | Got Sif Muna's Almanac of Unholy Rituals and the Oath
 14404 | D:10     | Shot with a bolt by a yaktaur captain

Illustrated notes

Levels and vault maps discovered:
D:1:      lightli_arrival_maybe_door_vault, layout_basic
D:2:      layout_basic, serial_shops, shop
D:3:      layout_basic, general_overflow_altar,
          dreamdust_ecumenical_altar_drowned_temple, serial_co_window_serial,
          co_window_paths_a, co_window_paths_a, co_window_paths_a,
          co_window_paths_a, co_window_paths_b, co_window_cross_1,
          co_window_paths_b, co_window_broadway_a, co_window_of_opportunity_c,
          co_window_corner_cb, co_window_broadway_c, co_window_paths_e,
          co_window_4corner_b, glass_columns_a, nrook_loot_triangle,
          uniq_terence, uniq_ijyb, uniq_sigmund, uniq_jessica
D:4:      wad_crossroads, layout_basic, mainiacjoe_overflow_boulevard,
          gammafunk_temple_overflow_pools, chequers_big_river, uniq_eustachio,
          uniq_natasha, uniq_duvessa, uniq_menkaure
D:5:      layout_layer_cave
D:6:      layout_layer_cave, nicolae_gozag_zags_fifth_avenue,
          nicolae_overflow_hidden_temple, serial_shops, kennysheep_mini_moat
D:7:      layout_loops_ring, xom_teletrap_fun, gammafunk_temple_overflow_wave
D:8:      layout_cave_pools, marbit_many_paths, lair_entry_dummy,
          nrook_mini_vaults
D:9:      minmay_inner_zag, layout_basic,
          grunt_temple_overflow_growth_and_decay, lemuel_round_altar,
          david_orc_3, minmay_fire_ice_demons
D:10:     minmay_the_grid_plus_closed [minmay_the_grid_minigrid_small,
          minmay_the_grid_tri_star, minmay_the_grid_minigrid_medium,
          minmay_the_grid_dragon_a, minmay_the_grid_prize_diamond_cup],
          layout_cross
D:11:     layout_loops_cross, special_room [special_room_kobold]
Temple:   pf_slimified_temple

Skill      XL: |  1  2  3  4  5  6  7  8  9 10 |
---------------+-------------------------------+-----
Dodging        | 3 4 6 8 10 | 10.7
Conjurations   | 4 5 7 |  7.0
Stealth        | 3 |  3.0
Hexes          | 5 7 12 10 | 12.0
Spellcasting   | 3 5 6 7 8 |  8.0
Fighting       | 1 4 |  4.0
Invocations    | 1 4 |  4.0
Evocations     | 1 4 |  4.0
Translocations | 3 |  3.5

Action                   |  1- 3 |  4- 6 |  7- 9 | 10-12 || total
-------------------------+-------+-------+-------+-------++-------
Melee: Unarmed           |     1 |    10 |    53 |     5 ||    69
       Bite              |       |       |     8 |     1 ||     9
 Cast: Magic Dart        |    53 |    39 |   123 |       ||   215
       Searing Ray       |     3 |     3 |    42 |    10 ||    58
       Fulminant Prism   |       |    18 |   102 |    37 ||   157
       Dazzling Flash    |       |       |     5 |       ||     5
       Iskenderun's Myst |       |       |       |     1 ||     1
Invok: Purification      |       |       |     1 |       ||     1
  Use: Scroll            |       |     2 |    11 |     2 ||    15
       Potion            |       |       |     1 |       ||     1
Armor: Skin              |       |       |     7 |     2 ||     9
Dodge: Dodged            |     4 |    14 |   187 |    53 ||   258

Table legend: (Time is in decaauts)
 A = Elapsed time spent in this place.
 B = Non-inter-level travel time spent in this place.
 C = Inter-level travel time spent in this place.
 D = Time resting spent in this place.
 E = Time spent auto-exploring this place.
 F = Levels seen in this place.
 G = Mean time per level.
                   A        B        C        D        E       F      G
               +--------+--------+--------+--------+--------+-----+--------+
         Total |  12625 |  12111 |    514 |   1492 |   8665 |  12 | 1052.1 |
       Dungeon |  12540 |  12041 |    499 |   1492 |   8602 |  11 | 1140.0 |
        Temple |     85 |     70 |     15 |      0 |     62 |   1 |   85.0 |
               +--------+--------+--------+--------+--------+-----+--------+

Top non-repeatable levels by time:
     D:4: 2133 daAuts
     D:3: 1830 daAuts
     D:5: 1648 daAuts
     D:6: 1629 daAuts
     D:2: 1156 daAuts
     D:9: 1094 daAuts
     D:1: 894 daAuts
     D:7: 837 daAuts
    D:10: 670 daAuts
     D:8: 626 daAuts
  Temple: 85 daAuts
    D:11: 19 daAuts
